 Dungeon Crawl Stone Soup version 0.16-a0-1784-gf5591c9 (webtiles) character file.

6244 timbw the Thaumaturge (level 10, -4/67 HPs)
             Began as a High Elf Ice Elementalist on Nov 1, 2014.
             Was a Follower of Vehumet.
             Killed from afar by Harold (22 damage)
             ... with a bolt of fire
             ... on level 1 of the Lair of Beasts.
             The game lasted 00:23:22 (3725 turns).

timbw the Thaumaturge (High Elf Ice Elementalist)   Turns: 3725, Time: 00:23:22

Health: -4/67      AC:  4    Str:  7    XL:     10   Next: 62%
Magic:  2/31       EV: 11    Int: 22    God:    Vehumet [*.....]
Gold:   182        SH:  0    Dex: 17    Spells: 4 memorised, 20 levels left

rFire  . . .     SeeInvis .     v - -1 trident (curse)
rCold  . . .     Clarity  .     q - troll hide
rNeg   . . .     SustAb   .     (no shield)
rPois  .         Gourm    .     (no helmet)
rElec  .         Spirit   .     h - +0 cloak
rCorr  .         Warding  .     (no gloves)
rMut   .         Stasis   .     f - +0 pair of boots
MR     +....                    w - amulet of rage
Stlth  ++........               (no ring)
                                (no ring)

@: somewhat resistant to hostile enchantments, unstealthy
A: no striking features
a: Renounce Religion, Evoke Berserk Rage


You were on level 1 of the Lair of Beasts.
You worshipped Vehumet.
Vehumet was aware of your devotion.
You were not hungry.

You visited 3 branches of the dungeon, and saw 11 of its levels.

You collected 308 gold pieces.
You spent 126 gold pieces at shops.

Inventory:

Hand weapons
 d - a +0 dagger
 v - a cursed -1 trident (weapon)
Missiles
 k - 9 javelins (quivered)
Armour
 a - a +0 robe
 f - a +0 pair of boots (worn)
 h - a +0 cloak (worn)
 i - a +0 leather armour
 q - a troll hide (worn)
Jewellery
 w - an amulet of rage (around neck)
Magical devices
 n - a wand of magic darts (25)
 r - a wand of fireball (0)
 s - a wand of confusion (22)
 y - a wand of slowing (11)
Scrolls
 e - 3 scrolls of teleportation
 p - 2 scrolls of fear
 t - a scroll of blinking
 u - a scroll of identify
Potions
 j - a potion of curing
 o - 2 potions of poison
 A - a potion of agility
 B - a potion of haste
 C - a potion of resistance
 D - a potion of brilliance
Books
 b - a book of Frost

   Spells                             Type                      Level
   *Freeze                            Ice                          1
   *Throw Frost                       Conjuration/Ice              2
   Ozocubu's Armour                   Charms/Ice                   3
   *Throw Icicle                      Conjuration/Ice              4
   *Summon Ice Beast                  Ice/Summoning                4
   Condensation Shield                Ice                          4
Comestibles
 c - 3 bread rations
 g - 2 beef jerkies
 l - 2 slices of pizza
 m - 4 meat rations
 x - a chunk of flesh


   Skills:
 - Level 5.6 Fighting
 - Level 2.1 Dodging
 - Level 2.1 Stealth
 + Level 11.2 Spellcasting
 + Level 9.0 Conjurations
 + Level 10.6 Ice Magic


You had 20 spell levels left.
You knew the following spells:

 Your Spells              Type           Power        Failure   Level  Hunger
a - Freeze                Ice            ####         1%          1    None
b - Throw Frost           Conj/Ice       ######       1%          2    None
c - Summon Ice Beast      Ice/Summ       #####...     8%          4    #......
d - Throw Icicle          Conj/Ice       ######..     1%          4    #......


Dungeon Overview and Level Annotations

Branches:
Dungeon (9/15)             Temple (1/1) D:6            Lair (1/8) D:8
    Orc: D:9-12

Altars:
Ashenzari
Cheibriados
Dithmenos
Elyvilon
Fedhas
Gozag
Kikubaaqudgha
Makhleb
Nemelex Xobeh
Qazlal
Ru
Trog
Vehumet
Xom
Yredelemnul
Zin
The Shining One

Shops:
D:6 ?   D:8 ?

Annotations:
D:3 Sigmund
Lair:1 Harold


Message History

The javelin hits Harold but does no damage.
Harold is almost dead.
Harold gestures wildly while chanting.
Harold blinks!
Throwing (i - inventory):
k - 12 javelins (quivered)
Press: ? - help, Shift-Dir - straight line, f/p - Harold
Aim: Harold, wielding a hand axe and wearing a runed ring mail (almost dead)
You throw a javelin. The javelin hits Harold!
Harold is almost dead.
Your ice beast barely misses Harold.
Throwing (i - inventory):
k - 11 javelins (quivered)
Press: ? - help, Shift-Dir - straight line, f/p - Harold
Aim: Harold, wielding a hand axe and wearing a runed ring mail (almost dead)
You throw a javelin. The javelin barely misses Harold.
Throwing (i - inventory):
k - 10 javelins (quivered)
Press: ? - help, Shift-Dir - straight line, p - Harold You throw a javelin.
The javelin barely misses Harold.
Harold casts a spell at you. The bolt of fire hits you!
You die...

.(......... ............
............ .
............. ..
#............. .......
#...................##
#...................#
+.......###P..#P....#
#....@..# ##.# #....#
#.......###..###....#
#.(Y@...##8..8##....#
#..Y.......>...#....#
#.(.................##
....((.....#8..8#.....รท.
#P###########..####.#.#P
## ##.# ###### ###


You could see Harold and 2 friendly ice beasts.

Vanquished Creatures
  A troll (D:8)
  2 blink frogs (D:8)
  A wyvern (D:8)
  5 yaks (D:8)
  4 porcupines
  An orc warrior (D:6)
  5 centaurs
  2 ogres
  A big kobold (D:8)
  4 crocodiles
  3 giant frogs
  Blork the orc (D:5)
  A scorpion (D:8)
  A jelly (D:8)
  3 crimson imps
  An orc priest (D:8)
  A hound (D:7)
  Natasha (twice) (D:5)
  4 iguanas
  2 worker ants
  An orc wizard (D:6)
  A hound zombie (D:8)
  A scorpion zombie (D:6)
  3 adders
  3 green rats (D:8)
  An orc skeleton (D:8)
  2 giant mites (D:6)
  8 giant geckos
  An ooze (D:3)
  11 orcs
  3 bats
  A bat skeleton (D:8)
  A giant cockroach (D:7)
  4 goblins
  2 hobgoblins (D:4)
  5 jackals
  11 kobolds
  2 quokkas (D:6)
  3 giant newts
  A hobgoblin skeleton (D:5)
  A jackal skeleton (D:4)
  An orc zombie (D:6)
  9 rats
  A rat skeleton (D:5)
122 creatures vanquished.

Vanquished Creatures (collateral kills)
  6 yaks (D:8)
  A hungry ghost (D:8)
  An ogre (D:9)
  A crocodile (D:8)
  A jelly (D:8)
  A green rat (D:8)
11 creatures vanquished.

Vanquished Creatures (others)
  7 ice beasts
  An orc (D:6)
  A bush (D:8)
  5 plants (D:8)
14 creatures vanquished.

Grand Total: 147 creatures vanquished

Notes
Turn   | Place    | Note
--------------------------------------------------------------
     0 | D:1      | timbw, the High Elf Ice Elementalist, began the quest for the Orb.
     0 | D:1      | Reached XP level 1. HP: 11/11 MP: 4/4
   108 | D:2      | Reached XP level 2. HP: 10/17 MP: 1/6
   117 | D:2      | Learned a level 2 spell: Throw Frost
   419 | D:3      | Noticed Sigmund
   574 | D:4      | Found a glowing silver altar of Zin.
   662 | D:5      | Entered Level 5 of the Dungeon
   781 | D:6      | Found Boyxiyxt's Magic Scroll Shop.
   786 | D:6      | Reached skill level 4 in Ice Magic
   786 | D:6      | Reached XP level 3. HP: 21/21 MP: 7/10
   797 | D:6      | Bought a scroll of blinking for 90 gold pieces
   797 | D:6      | Bought a scroll of teleportation for 36 gold pieces
   806 | D:6      | Noticed an orc warrior
   908 | D:6      | Reached XP level 4. HP: 27/27 MP: 8/14
   919 | D:6      | Learned a level 4 spell: Summon Ice Beast
   940 | D:6      | Found a stormy altar of Qazlal.
   943 | D:6      | Found a staircase to the Ecumenical Temple.
   952 | Temple   | Entered the Ecumenical Temple
  1069 | D:6      | Found a glowing drain.
  1096 | D:6      | Reached XP level 5. HP: 19/31 MP: 11/16
  1136 | D:6      | Noticed an ogre
  1139 | D:6      | Noticed a trapdoor spider zombie
  1164 | D:7      | Reached skill level 5 in Ice Magic
  1190 | D:7      | Reached skill level 5 in Spellcasting
  1253 | D:7      | Reached XP level 6. HP: 24/36 MP: 18/20
  1297 | D:7      | Learned a level 4 spell: Throw Icicle
  1501 | D:9      | Reached skill level 6 in Ice Magic
  1524 | D:9      | Noticed a troll
  1568 | D:9      | Reached XP level 7. HP: 12/41 MP: 5/23
  1595 | D:9      | HP: 1/41 [centaur (2)]
  1654 | D:8      | Killed a troll
  1697 | D:8      | Reached skill level 7 in Spellcasting
  1765 | D:8      | Found Xynum's Magic Scroll Boutique.
  1882 | D:8      | Noticed a wyvern
  1883 | D:8      | Noticed a yak
  1885 | D:8      | Noticed a yak
  1887 | D:8      | Noticed a yak
  1887 | D:8      | Noticed a yak
  1911 | D:6      | Noticed a giant frog
  1911 | D:6      | Noticed a centaur
  2078 | D:6      | Noticed a centaur
  2133 | D:5      | Found a shadowy altar of Dithmenos.
  2141 | D:5      | Noticed Blork the orc
  2144 | D:5      | Noticed Natasha
  2151 | D:5      | Killed Blork the orc
  2154 | D:5      | Killed Natasha
  2154 | D:5      | Reached XP level 8. HP: 31/46 MP: 15/25
  2304 | D:5      | Noticed Natasha
  2307 | D:5      | Killed Natasha
  2489 | D:4      | Found a snail-covered altar of Cheibriados.
  2512 | D:4      | Found a white marble altar of Elyvilon.
  2547 | D:4      | Noticed an ogre
  2552 | D:4      | Killed an ogre
  2623 | D:4      | Found a radiant altar of Vehumet.
  2629 | D:4      | Became a worshipper of Vehumet
  2737 | D:6      | Killed a centaur
  2803 | D:6      | Killed an orc warrior
  2810 | D:6      | Killed a centaur
  2834 | D:6      | Killed a giant frog
  2834 | D:6      | Reached skill level 8 in Spellcasting
  3076 | D:8      | Reached XP level 9. HP: 51/51 MP: 9/28
  3089 | D:8      | Reached skill level 5 in Fighting
  3089 | D:8      | Reached skill level 10 in Spellcasting
  3089 | D:8      | Reached skill level 10 in Ice Magic
  3089 | D:8      | Reached XP level 10. HP: 56/67 MP: 12/31
  3117 | D:8      | Noticed a yak
  3123 | D:8      | Killed a wyvern
  3125 | D:8      | Found a staircase to the Lair.
  3125 | D:8      | Noticed a yak
  3146 | D:8      | Killed a yak
  3153 | D:8      | Noticed a yak
  3155 | D:8      | Noticed a yak
  3155 | D:8      | Noticed a yak
  3178 | D:8      | Killed a yak
  3184 | D:8      | Killed a yak
  3235 | D:8      | Noticed a yak
  3258 | D:8      | Killed a yak
  3298 | D:8      | Noticed a yak
  3317 | D:8      | Killed a yak
  3348 | D:8      | Killed a yak
  3348 | D:8      | Reached skill level 11 in Spellcasting
  3361 | D:8      | Killed a yak
  3365 | D:8      | Killed a yak
  3370 | D:8      | Killed a yak
  3377 | D:8      | Killed a yak
  3391 | D:8      | Killed a yak
  3445 | Lair:1   | Entered Level 1 of the Lair of Beasts
  3579 | D:8      | Noticed a hungry ghost
  3586 | D:8      | Killed a hungry ghost
  3660 | Lair:1   | Acquired Vehumet's first power
  3660 | Lair:1   | Offered knowledge of Sandblast by Vehumet.
  3695 | Lair:1   | Noticed Harold
  3725 | Lair:1   | Killed from afar by Harold

Action                   |  1- 3 |  4- 6 |  7- 9 | 10-12 || total
-------------------------+-------+-------+-------+-------++-------
Melee: Dagger            |    26 |    31 |       |       ||    57
       Trident           |       |       |   105 |    46 ||   151
Throw: Javelin           |     3 |    12 |     5 |     4 ||    24
 Cast: Freeze            |    28 |    49 |    67 |    76 ||   220
       Throw Frost       |     1 |       |     5 |     1 ||     7
       Summon Ice Beast  |       |     1 |     2 |    11 ||    14
       Throw Icicle      |       |       |    14 |     8 ||    22
Evoke: Wand              |       |     1 |       |       ||     1
  Use: Scroll            |     4 |     3 |     8 |     2 ||    17
       Potion            |       |     1 |     2 |       ||     3
 Stab: Sleeping          |     1 |     2 |     1 |       ||     4
  Eat: Chunk             |       |     2 |     4 |     3 ||     9
       Bread ration      |       |       |     1 |       ||     1
